 Dungeon Crawl Stone Soup version 0.29-a0-1019-g84f7d21838 (webtiles) character file.

Game seed: 11006858193514282073

39 leavemydog the Conjurer (level 3, -8/19 HPs)
             Began as a Deep Elf Conjurer on Aug 10, 2022.
             Mangled by an iguana (9 damage)
             ... on level 2 of the Dungeon.
             The game lasted 00:00:58 (1112 turns).

leavemydog the Conjurer (Deep Elf Conjurer)         Turns: 1112, Time: 00:00:59

Health: -8/19      AC:  2    Str:  4    XL:     3   Next: 26%
Magic:  4/9        EV: 12    Int: 24    God:
Gold:   39         SH:  0    Dex: 13    Spells: 5/8 levels left

rFire   . . .      SeeInvis .   (no weapon)
rCold   . . .      Faith    .   (no shield)
rNeg    . . .      Spirit   .   a - +0 robe
rPois   .          Reflect  .   (no helmet)
rElec   .          Harm     .   (no cloak)
rCorr   .          Rampage  .   (no gloves)
Will    .....                   (no boots)
Stlth   ++........              (no amulet)
HPRegen 0.06/turn               (no ring)
MPRegen 0.11/turn               (no ring)

@: no status effects
A: no striking features
a: no special abilities


You were on level 2 of the Dungeon.
You visited 1 branch of the dungeon, and saw 2 of its levels.

You collected 39 gold pieces.

Inventory:

Armour
 a - a +0 robe (worn)
Scrolls
 c - a scroll of identify {unknown}
 f - a scroll of blinking {unknown}
Potions
 b - a potion of magic
 d - 2 potions of curing {unknown}
 e - a potion of berserk rage {unknown}


   Skills:
 - Level 2.4 Dodging
 - Level 2.4 Stealth
 + Level 3.4 Spellcasting
 + Level 5.5 Conjurations


You had 5 spell levels left.
You knew the following spells:

 Your Spells              Type           Power      Damage    Failure   Level
a - Magic Dart            Conj           100%       1d8       1%          1
b - Searing Ray           Conj           60%        2d6       1%          2

Your spell library contained the following spells:

 Spells                   Type           Power      Damage    Failure   Level
 Dazzling Flash           Conj/Hex       34%        N/A       10%         3
 Fulminant Prism          Conj/Hex       8%         3d7       32%         4
 Iskenderun's Mystic Bla  Conj/Tloc      17%        2d5       32%         4


Dungeon Overview and Level Annotations

Branches:
Dungeon (2/15)

Altars:

Shops:
D:1 (


Message History

The iguana hisses angrily.
The magic dart hits the worm!
The worm is heavily wounded.
The magic dart hits the worm!
The worm is almost dead.
You climb upwards.
There is a stone staircase leading down here.
The magic dart hits the worm.
You kill the worm!
You can't see any susceptible monsters within range! (Use Z to cast anyway.)
You start resting.
Magic restored.
You climb downwards.
The rat bites you.
There is a stone staircase leading up here.
The magic dart hits the rat but does no damage.
The rat closely misses you.
The magic dart hits the iguana.
The iguana is lightly wounded.
The rat misses you. The iguana closely misses you.
The magic dart hits the iguana but does no damage.
The iguana is lightly wounded.
The rat bites you. The iguana bites you!
Ouch! That really hurt!
* * * LOW HITPOINT WARNING * * *
A frilled lizard comes into view.
You are too injured to fight recklessly!
You are too injured to fight recklessly!
Casting: Magic Dart (safe; 1% risk of failure)
Confirm with . or Enter, or press ? or * to list all spells.
Aiming: Searing Ray (safe; 1% risk of failure)
Press: ? - help, Shift-Dir - straight line, f/p - iguana
Aim: an iguana (lightly wounded, 82% to hit)
The searing ray hits the iguana.
The iguana is heavily wounded. (Press . to maintain the ray.)
The frilled lizard hisses angrily.
The rat bites you.
* * * LOW HITPOINT WARNING * * *
The iguana bites you!
You die...

.. .. .#
.##
..########
........#
#rl.....#
#@......#
#.......#
##...?..#
.......
......#
......#
......#
l.....#


You could see an iguana, a frilled lizard and a rat.

Vanquished Creatures
  A worm (D:1)
  A dart slug (D:1)
  2 ball pythons (D:1)
  7 bats (D:1)
  2 endoplasms (D:1)
  7 goblins (D:1)
  3 hobgoblins (D:1)
  A kobold (D:1)
  2 quokkas
  5 rats (D:1)
31 creatures vanquished.

Notes
Turn   | Place    | Note
-------+----------+-------------------------------------------
     0 | D:1      | leavemydog the Deep Elf Conjurer began the quest for the
                  | Orb.
     0 | D:1      | Reached XP level 1. HP: 10/10 MP: 6/6
   230 | D:1      | Found Geruwucu's Weapon Shop.
   259 | D:1      | Reached XP level 2. HP: 15/15 MP: 6/8
   262 | D:1      | Learned a level 2 spell: Searing Ray
   310 | D:1      | Reached skill level 5 in Conjurations
   624 | D:1      | Reached XP level 3. HP: 19/19 MP: 4/9
  1112 | D:2      | Mangled by an iguana

Illustrated notes

Levels and vault maps discovered:
D:1:      spicycebolla_green_bress_n_ham_2, layout_loops_ring, serial_shops,
          nicolae_shop_statue_plus, minmay_distorted
D:2:      layout_rooms, shapermc_ecumenical_altar_acropolis

Skill      XL: |  1  2 |
---------------+-------+-----
Conjurations   | 5 |  5.5
Dodging        | |  2.4
Stealth        | |  2.4
Spellcasting   | |  3.4

Action                   || total
-------------------------++-------
 Cast: Magic Dart        ||    56
       Searing Ray       ||     1
Armor: Robe              ||     2
Dodge: Dodged            ||     7

Table legend: (Time is in decaauts)
 A = Elapsed time spent in this place.
 B = Non-inter-level travel time spent in this place.
 C = Inter-level travel time spent in this place.
 D = Time resting spent in this place.
 E = Time spent auto-exploring this place.
 F = Levels seen in this place.
 G = Mean time per level.
                   A        B        C        D        E       F      G
               +--------+--------+--------+--------+--------+-----+--------+
         Total |   1113 |   1092 |     21 |     82 |    904 |   2 |  556.5 |
       Dungeon |   1113 |   1092 |     21 |     82 |    904 |   2 |  556.5 |
               +--------+--------+--------+--------+--------+-----+--------+

Top non-repeatable levels by time:
     D:1: 1102 daAuts
     D:2: 11 daAuts
